Panthers vs Lightning
(R1)
Created - May 10, 2025 at 09:28
Goals
|
| Panthers |
2 |
1 |
1 |
0 |
4 |
| Lightning |
1 |
1 |
2 |
1 |
5 |
|
Shots
|
| Panthers |
11 |
8 |
14 |
0 |
33 |
| Lightning |
9 |
9 |
7 |
2 |
27 |
|
1st period
1. Panthers , Derick Brassard 17 (Radim Simek 8, Miro Aaltonen 14) at 14:30
2. Panthers , Aleksander Barkov 21 (Nick Schmaltz 18, Danny DeKeiser 17) at 16:43 (SH)
3. Lightning , Nico Hischier 13 (John Carlson 14, Jonathan Drouin 28) at 17:33 (PP)
Penalties :
Max Friberg (T.B) for Slashing (Minor) at 6:01, Derick Brassard (Flo) for Slashing (Minor) at 6:46, Danny DeKeiser (Flo) for Tripping (Minor) at 8:53, Matt Duchene (Flo) for Tripping (Minor) at 16:29
2nd period
4. Panthers , Derick Brassard 18 (Nick Schmaltz 19, Miro Aaltonen 15) at 4:54
5. Lightning , Alex DeBrincat 20 (Alex Pietrangelo 47, Miro Heiskanen 18) at 5:47 (PP)
Penalties :
Alex DeBrincat (T.B) for Hooking (Minor) at 0:41, Aaron Ekblad (Flo) for Holding (Minor) at 5:01, Matt Duchene (Flo) for High sticking (Minor) at 7:40, Dmitrij Jaskin (Flo) for High sticking (Minor) at 10:10, John Carlson (T.B) for Slashing (Minor) at 14:18, Jordan Szwarz (Flo) for Hooking (Minor) at 17:01
3rd period
6. Lightning , Brandon Hagel 4 (Alex Pietrangelo 48, Joel Eriksson Ek 16) at 18:02
7. Lightning , Alex Pietrangelo 7 (Brandon Hagel 7) at 19:13
8. Panthers , Alex Galchenyuk 35 (Matt Duchene 52, Drake Batherson 32) at 19:49
Penalties :
Nick Schmaltz (Flo) for High sticking (Minor) at 2:08, Anze Kopitar (T.B) for Hooking (Minor) at 10:31, Aleksander Barkov (Flo) for High sticking (Minor) at 14:08
Overtime #1
9. Lightning , Anze Kopitar 10 (Lawson Crouse 46, Alex Pietrangelo 49) at 0:14
Penalties :
No Penalty
Goalie Stats
Ville Husso (Flo), 22 saves from 27 shots - (0.815), OTL, 22-25-6, 59:42 minutes
Anton Forsberg (T.B), 29 saves from 33 shots - (0.879), W, 5-6-0, 60:14 minutes
Players Stats for Panthers
Player Name G A P +/- PIM S H SB GA TA FO MP PP MP PK MP
------------------------------------------------------------------------------------
Aaron Ekblad 0 0 0 0 2 0 1 1 0 1 0/0 26:24 4:03 6:32
Aleksander Barkov 1 0 1 -1 2 4 0 0 0 1 9/18 16:57 0:00 7:01
Alex Galchenyuk 1 0 1 0 0 4 1 1 1 1 0/0 21:11 3:48 3:52
Chris Bourque 0 0 0 -2 0 2 2 0 0 1 0/0 11:01 0:00 0:42
Danny DeKeiser 0 1 1 1 2 1 4 1 1 0 0/0 25:01 2:39 6:57
Derick Brassard 2 0 2 2 2 5 2 0 0 0 1/2 11:46 2:53 0:00
Dmitrij Jaskin 0 0 0 0 2 3 1 1 0 0 0/0 5:58 0:00 0:00
Dominik Kahun 0 0 0 0 0 1 2 0 0 0 2/4 9:10 0:00 2:54
Drake Batherson 0 1 1 1 0 1 0 0 1 0 2/3 16:26 3:48 0:04
Griffin Reinhart 0 0 0 1 0 1 0 0 0 0 0/0 11:15 2:39 0:39
Jordan Szwarz 0 0 0 -2 2 1 2 0 0 0 0/0 12:35 0:00 2:23
Matt Duchene 0 1 1 0 4 1 2 1 0 0 14/29 17:30 3:48 0:15
Miro Aaltonen 0 2 2 2 0 2 4 0 0 0 2/4 17:14 2:54 4:47
Nick Schmaltz 0 2 2 3 2 2 1 0 1 0 0/1 18:53 2:54 7:00
Niklas Hansson 0 0 0 1 0 1 1 0 0 1 0/0 21:56 0:00 8:15
Nikolay Goldobin 0 0 0 0 0 1 1 0 0 0 0/0 5:57 0:00 0:00
Radim Simek 0 1 1 1 0 1 3 0 0 0 0/0 13:40 0:00 6:16
Rasmus Ristolainen 0 0 0 -1 0 2 3 2 0 2 0/0 21:56 4:03 0:19
Players Stats for Lightning
Player Name G A P +/- PIM S H SB GA TA FO MP PP MP PK MP
------------------------------------------------------------------------------------
Alex DeBrincat 1 0 1 -1 2 3 3 0 1 0 0/0 16:04 6:04 0:00
Alex Pietrangelo 1 3 4 0 0 3 4 3 5 1 0/0 32:05 7:45 3:44
Anthony Cirelli 0 0 0 -1 0 0 1 0 0 0 0/0 18:55 5:37 2:36
Anze Kopitar 1 0 1 0 2 4 0 0 0 2 10/18 15:03 0:00 2:25
Ben Hutton 0 0 0 -1 0 1 1 0 0 0 0/0 18:45 0:30 2:48
Brandon Hagel 1 1 2 1 0 1 2 2 0 0 2/2 10:07 1:25 0:00
Cory Emmerton 0 0 0 0 0 1 0 0 0 0 2/4 6:53 0:00 0:00
Dmitry Sinitsyn 0 0 0 0 0 0 0 0 0 0 0/0 1:30 0:00 0:00
Jeff Schultz 0 0 0 -1 0 3 3 1 0 0 0/0 25:50 5:55 3:54
Jesper Fast 0 0 0 0 0 0 2 0 1 0 0/0 8:17 0:19 0:00
Joel Eriksson Ek 0 1 1 1 0 1 1 1 0 0 4/10 13:56 5:56 0:00
John Carlson 0 1 1 1 2 2 2 1 0 0 0/0 21:20 6:14 1:41
Jonathan Drouin 0 1 1 -2 0 1 0 0 0 1 2/4 21:14 8:09 1:18
Lawson Crouse 0 1 1 -1 0 5 5 0 0 0 0/0 24:21 7:55 3:39
Max Friberg 0 0 0 1 2 1 0 0 0 0 1/2 10:38 0:19 2:00
Miro Heiskanen 0 1 1 -2 0 0 1 1 0 0 0/0 20:46 8:34 1:17
Nico Hischier 1 0 1 -2 0 1 3 1 0 0 9/20 19:46 7:38 1:26
Teemu Hartikainen 0 0 0 0 0 0 0 0 0 0 1/1 7:12 0:05 0:00
3 Stars
1 - Alex Pietrangelo (T.B)
2 - Derick Brassard (Flo)
3 - Brandon Hagel (T.B)
Power Play
Panthers - 0 on 4 Attempt(s) - 0.00%
Lightning - 2 on 9 Attempt(s) - 22.22%
Penalty Kill
Panthers - 7 on 9 Attempt(s) - 77.78%
- Score 1 goal in Penalty Kill
Lightning - 4 on 4 Attempt(s) - 100.00%
- Score 0 goal in Penalty Kill
Team Stat
Panthers - Hits : 30 - Faceoff Wins : 30 - Blocked Shots : 7 - Penalty Minutes : 18
Lightning - Hits : 28 - Faceoff Wins : 31 - Blocked Shots : 10 - Penalty Minutes : 8
Official
Referees : Michael Markovic and Tim Peel
Linesman : Steve Miller and Scott Cherrey
Game Notes
Dmitry Sinitsyn is injured at 5:26 of 1st period (Torn Left Knee Ligaments)
14:30 of 1st period - Panthers goal is going for a video replay. After video review, Goal.
Finance
Level 1 -- Attendance: 6000 (100.00%) -- Ticket Income $600,000
Level 2 -- Attendance: 4964 (99.28%) -- Ticket Income $347,480
Level 3 -- Attendance: 2000 (100.00%) -- Ticket Income $80,000
Level 4 -- Attendance: 3707 (92.68%) -- Ticket Income $111,210
Luxury Box -- Attendance: 905 (90.50%) -- Ticket Income $181,000
Game was played at the Amalie Arena.
Total Attendance: 17576 (97.64%)
Total Ticket Income: $1,319,690
Other Income: $197,954
Total Income: $1,517,644
Panthers
5 vs 5 Forward
Center Left Wing Right Wing Time % Phy DF OF
1 Matt Duchene Alex Galchenyuk Drake Batherson 40 1 2 2
2 Miro Aaltonen Derick Brassard Nick Schmaltz 30 1 2 2
3 Aleksander Barkov Chris Bourque Jordan Szwarz 20 1 2 2
4 Dominik Kahun Nikolay Goldobin Dmitrij Jaskin 10 1 2 2
5 vs 5 Defense
Defense Defense Time % Phy DF OF
1 Rasmus Ristolainen Aaron Ekblad 40 1 2 2
2 Danny DeKeiser Niklas Hansson 30 1 2 2
3 Griffin Reinhart Radim Simek 20 1 2 2
4 Rasmus Ristolainen Danny DeKeiser 10 1 2 2
PowerPlay Forward
Center Left Wing Right Wing Time % Phy DF OF
1 Matt Duchene Alex Galchenyuk Drake Batherson 60 0 1 4
2 Miro Aaltonen Derick Brassard Nick Schmaltz 40 0 1 4
PowerPlay Defense
Defense Defense Time % Phy DF OF
1 Rasmus Ristolainen Aaron Ekblad 60 0 2 3
2 Danny DeKeiser Griffin Reinhart 40 0 2 3
Penalty Kill 4 Players Forward
Center Wing Time % Phy DF OF
1 Aleksander Barkov Nick Schmaltz 60 1 3 1
2 Miro Aaltonen Jordan Szwarz 40 1 3 1
Penalty Kill 4 Players Defense
Defense Defense Time % Phy DF OF
1 Danny DeKeiser Niklas Hansson 60 1 4 0
2 Aaron Ekblad Radim Simek 40 1 4 0
Penalty Kill - 3 Players Forward
Forward Time % Phy DF OF
1 Nick Schmaltz 60 1 3 1
2 Aleksander Barkov 40 1 3 1
Penalty Kill - 3 Players Defense
Defense Defense Time % Phy DF OF
1 Danny DeKeiser Niklas Hansson 60 1 4 0
2 Aaron Ekblad Radim Simek 40 1 4 0
4 vs 4 Forward
Center Wing Time % Phy DF OF
1 Matt Duchene Alex Galchenyuk 60 1 2 2
2 Miro Aaltonen Drake Batherson 40 1 2 2
4 vs 4 Defense
Defense Defense Time % Phy DF OF
1 Rasmus Ristolainen Aaron Ekblad 60 1 2 2
2 Danny DeKeiser Niklas Hansson 40 1 2 2
Last Minutes Offensive
Center Left Wing Right Wing Defense Defense
Matt Duchene Alex Galchenyuk Drake Batherson Rasmus Ristolainen Aaron Ekblad
Last Minutes Defensive
Center Left Wing Right Wing Defense Defense
Aleksander Barkov Derick Brassard Nick Schmaltz Aaron Ekblad Niklas Hansson
Goaltenders
Starting : Ville Husso
Backup : Jonathan Bernier
Extra Forwards
Normal : Drake Batherson, Aleksander Barkov, Matt Duchene - PP : Nick Schmaltz, Matt Duchene - PK : Miro Aaltonen
Extra Defensemen
Normal : Niklas Hansson, Rasmus Ristolainen, Aaron Ekblad - PP : Radim Simek - PK : Radim Simek, Niklas Hansson
Penalty Shots
Drake Batherson, Miro Aaltonen, Alex Galchenyuk, Matt Duchene, Aleksander Barkov
Custom OT Lines Forwards
Matt Duchene, Alex Galchenyuk, Aleksander Barkov, Drake Batherson, Nick Schmaltz, Jordan Szwarz, Miro Aaltonen, Derick Brassard, Nikolay Goldobin, Chris Bourque
Custom OT Lines Defensemen
Rasmus Ristolainen, Aaron Ekblad, Danny DeKeiser, Niklas Hansson, Radim Simek
Scratches
Zac Rinaldo (Healthy)
Lightning
5 vs 5 Forward
Center Left Wing Right Wing Time % Phy DF OF
1 Anze Kopitar Jonathan Drouin Lawson Crouse 40 1 2 2
2 Nico Hischier Anthony Cirelli Alex DeBrincat 30 1 2 2
3 Joel Eriksson Ek Brandon Hagel Max Friberg 20 1 2 2
4 Cory Emmerton Teemu Hartikainen Jesper Fast 10 1 2 2
5 vs 5 Defense
Defense Defense Time % Phy DF OF
1 Alex Pietrangelo Jeff Schultz 40 1 2 2
2 John Carlson Dmitry Sinitsyn 30 1 2 2
3 Ben Hutton Miro Heiskanen 20 1 2 2
4 Alex Pietrangelo Miro Heiskanen 10 1 2 2
PowerPlay Forward
Center Left Wing Right Wing Time % Phy DF OF
1 Nico Hischier Jonathan Drouin Lawson Crouse 60 1 2 2
2 Joel Eriksson Ek Anthony Cirelli Alex DeBrincat 40 1 2 2
PowerPlay Defense
Defense Defense Time % Phy DF OF
1 Alex Pietrangelo Miro Heiskanen 60 1 2 2
2 John Carlson Jeff Schultz 40 1 2 2
Penalty Kill 4 Players Forward
Center Wing Time % Phy DF OF
1 Anze Kopitar Lawson Crouse 60 1 2 2
2 Jonathan Drouin Anthony Cirelli 40 1 2 2
Penalty Kill 4 Players Defense
Defense Defense Time % Phy DF OF
1 Alex Pietrangelo Jeff Schultz 60 1 2 2
2 John Carlson Ben Hutton 40 1 2 2
Penalty Kill - 3 Players Forward
Forward Time % Phy DF OF
1 Anthony Cirelli 60 1 2 2
2 Cory Emmerton 40 1 2 2
Penalty Kill - 3 Players Defense
Defense Defense Time % Phy DF OF
1 Alex Pietrangelo Jeff Schultz 60 1 2 2
2 John Carlson Dmitry Sinitsyn 40 1 2 2
4 vs 4 Forward
Center Wing Time % Phy DF OF
1 Nico Hischier Lawson Crouse 60 1 2 2
2 Anthony Cirelli Alex DeBrincat 40 1 2 2
4 vs 4 Defense
Defense Defense Time % Phy DF OF
1 Alex Pietrangelo Jeff Schultz 60 1 2 2
2 John Carlson Miro Heiskanen 40 1 2 2
Last Minutes Offensive
Center Left Wing Right Wing Defense Defense
Anze Kopitar Jonathan Drouin Lawson Crouse Alex Pietrangelo Miro Heiskanen
Last Minutes Defensive
Center Left Wing Right Wing Defense Defense
Anze Kopitar Jonathan Drouin Lawson Crouse Alex Pietrangelo Jeff Schultz
Goaltenders
Starting : Anton Forsberg
Backup : Alex Nedeljkovic
Extra Forwards
Normal : Nico Hischier, Joel Eriksson Ek, Jonathan Drouin - PP : Brandon Hagel, Anthony Cirelli - PK : Max Friberg
Extra Defensemen
Normal : Ben Hutton, Dmitry Sinitsyn, Miro Heiskanen - PP : Ben Hutton - PK : Dmitry Sinitsyn, Miro Heiskanen
Penalty Shots
Anze Kopitar, Lawson Crouse, Jonathan Drouin, Anthony Cirelli, Alex DeBrincat
Custom OT Lines Forwards
Anze Kopitar, Lawson Crouse, Jonathan Drouin, Anthony Cirelli, Alex DeBrincat, Cory Emmerton, Nico Hischier, Joel Eriksson Ek, Brandon Hagel, Teemu Hartikainen
Custom OT Lines Defensemen
Alex Pietrangelo, Jeff Schultz, John Carlson, Miro Heiskanen, Ben Hutton
Scratches
Dalton Thrower (Healthy), Daultan Leveillé (Healthy), John Draeger (Healthy), Justin Schultz (Healthy), Tim Schaller (Healthy)
% Time on Ice - Panthers
Lines # - Real PCT - Wanted PCT - Time Play
Normal Forward
1 - 32% - 40% - 11:56
2 - 25% - 30% - 9:10
3 - 27% - 20% - 9:56
4 - 16% - 10% - 5:57
Normal Defense
1 - 42% - 40% - 15:31
2 - 32% - 30% - 11:47
3 - 20% - 20% - 7:17
4 - 6% - 10% - 2:24
PP Forward
1 - 57% - 60% - 3:48
2 - 43% - 40% - 2:54
PP Defense
1 - 60% - 60% - 4:03
2 - 40% - 40% - 2:39
PK Forward
1 - 77% - 60% - 11:08
2 - 23% - 40% - 3:21
PK Defense
1 - 61% - 60% - 8:47
2 - 39% - 40% - 5:42
PK3 Forward
1 - 0% - 60%
2 - 0% - 40%
PK3 Defense
1 - 0% - 60%
2 - 0% - 40%
44 Forward
1 - 70% - 60% - 0:52
2 - 30% - 40% - 0:22
44 Defense
1 - 49% - 60% - 0:36
2 - 51% - 40% - 0:38
Last Minute Offensive - 0:36
Last Minute Defensive - 0:00
Total
Forward - 60:00
Defense - 60:00
|
% Time on Ice - Lightning
Lines # - Real PCT - Wanted PCT - Time Play
Normal Forward
1 - 33% - 40% - 12:13
2 - 28% - 30% - 10:18
3 - 21% - 20% - 7:35
4 - 19% - 10% - 6:53
Normal Defense
1 - 37% - 40% - 13:52
2 - 38% - 30% - 14:12
3 - 21% - 20% - 7:41
4 - 3% - 10% - 1:14
PP Forward
1 - 57% - 60% - 8:14
2 - 43% - 40% - 6:15
PP Defense
1 - 57% - 60% - 8:15
2 - 43% - 40% - 6:14
PK Forward
1 - 87% - 60% - 5:48
2 - 13% - 40% - 0:54
PK Defense
1 - 58% - 60% - 3:54
2 - 42% - 40% - 2:48
PK3 Forward
1 - 0% - 60%
2 - 0% - 40%
PK3 Defense
1 - 0% - 60%
2 - 0% - 40%
44 Forward
1 - 69% - 60% - 0:51
2 - 31% - 40% - 0:23
44 Defense
1 - 84% - 60% - 1:02
2 - 16% - 40% - 0:12
Last Minute Offensive - 0:00
Last Minute Defensive - 0:36
Total
Forward - 60:00
Defense - 60:00
|
Play-by-Play
1st period
0:01 of 1st period - Anze Kopitar wins face-off versus Matt Duchene in neutral zone.
1:01 of 1st period - Snap shot by Anze Kopitar.
1:01 of 1st period - Stopped by Ville Husso with a rebound.
1:03 of 1st period - Slapshot by Jeff Schultz.
1:03 of 1st period - Stopped by Ville Husso with a rebound.
1:15 of 1st period - Snap shot by Miro Aaltonen.
1:15 of 1st period - Shot Misses the Net.
2:18 of 1st period - Snap shot by Nick Schmaltz.
2:18 of 1st period - Stopped by Anton Forsberg with a rebound.
2:36 of 1st period - Slapshot by Alex Pietrangelo.
2:36 of 1st period - Deflect By Jonathan Drouin.
2:36 of 1st period - Shot Misses the Net.
2:36 of 1st period - Puck is out of play.
2:37 of 1st period - Nico Hischier wins face-off versus Matt Duchene in Panthers zone.
2:50 of 1st period - Anthony Cirelli is hit by Alex Galchenyuk and loses puck.
4:52 of 1st period - Joel Eriksson Ek is hit by Chris Bourque and loses puck.
5:14 of 1st period - Danny DeKeiser is hit by Alex DeBrincat and loses puck.
5:25 of 1st period - Dmitry Sinitsyn is hit by Dominik Kahun and loses puck.
5:26 of 1st period - Dmitry Sinitsyn from Lightning is injured at 5:26 of 1st period (Torn Left Knee Ligaments).
5:27 of 1st period - Matt Duchene wins face-off versus Nico Hischier in Lightning zone.
5:58 of 1st period - Snap shot by Derick Brassard.
5:58 of 1st period - Stopped by Anton Forsberg without a rebound.
5:59 of 1st period - Joel Eriksson Ek wins face-off versus Aleksander Barkov in Lightning zone.
6:01 of 1st period - Minor Penalty to Max Friberg for Slashing.
6:02 of 1st period - Matt Duchene wins face-off versus Anze Kopitar in Lightning zone.
6:02 of 1st period - Slapshot by Rasmus Ristolainen.
6:02 of 1st period - Shot Misses the Net.
6:18 of 1st period - Jeff Schultz is hit by Matt Duchene and loses puck.
6:35 of 1st period - Slapshot by Jonathan Drouin.
6:35 of 1st period - Stopped by Ville Husso without a rebound.
6:36 of 1st period - Jonathan Drouin wins face-off versus Miro Aaltonen in Panthers zone.
6:46 of 1st period - Minor Penalty to Derick Brassard for Slashing.
6:47 of 1st period - Matt Duchene wins face-off versus Nico Hischier in Panthers zone.
7:14 of 1st period - Matt Duchene is hit by Alex Pietrangelo and loses puck.
8:01 of 1st period - Penalty to Max Friberg is over, Max Friberg is back on ice.
8:19 of 1st period - Wrist shot by Alex DeBrincat.
8:19 of 1st period - Stopped by Ville Husso without a rebound.
8:20 of 1st period - Jonathan Drouin wins face-off versus Aleksander Barkov in Panthers zone.
8:46 of 1st period - Penalty to Derick Brassard is over, Derick Brassard is back on ice.
8:53 of 1st period - Minor Penalty to Danny DeKeiser for Tripping.
8:54 of 1st period - Aleksander Barkov wins face-off versus Nico Hischier in Panthers zone.
8:54 of 1st period - Aleksander Barkov is hit by Lawson Crouse.
9:20 of 1st period - Jordan Szwarz is hit by John Carlson.
10:52 of 1st period - Icing by Alex Pietrangelo.
10:53 of 1st period - Penalty to Danny DeKeiser is over, Danny DeKeiser is back on ice.
10:53 of 1st period - Brandon Hagel wins face-off versus Matt Duchene in Lightning zone.
11:10 of 1st period - John Carlson is hit by Nikolay Goldobin and loses puck.
11:43 of 1st period - Miro Aaltonen is hit by Jeff Schultz and loses puck.
12:04 of 1st period - Danny DeKeiser is hit by Ben Hutton and loses puck.
12:31 of 1st period - Slapshot by Chris Bourque.
12:31 of 1st period - Shot Blocked by John Carlson.
12:39 of 1st period - Niklas Hansson is hit by John Carlson and loses puck.
13:00 of 1st period - Wrist shot by Dominik Kahun.
13:00 of 1st period - Deflect By Nikolay Goldobin.
13:00 of 1st period - Stopped by Anton Forsberg with a rebound.
13:02 of 1st period - Slapshot by Radim Simek.
13:02 of 1st period - Stopped by Anton Forsberg with a rebound.
13:16 of 1st period - Slapshot by Alex Pietrangelo.
13:16 of 1st period - Shot Blocked by Alex Galchenyuk.
13:22 of 1st period - Slapshot by Alex Pietrangelo.
13:22 of 1st period - Shot Blocked by Rasmus Ristolainen.
13:52 of 1st period - Snap shot by Griffin Reinhart.
13:52 of 1st period - Deflect By Jordan Szwarz.
13:52 of 1st period - Shot Misses the Net.
13:52 of 1st period - Puck is out of play.
13:53 of 1st period - Aleksander Barkov wins face-off versus Joel Eriksson Ek in Lightning zone.
14:26 of 1st period - Snap shot by Derick Brassard.
14:26 of 1st period - Stopped by Anton Forsberg with a rebound.
14:28 of 1st period - Slapshot by Radim Simek.
14:28 of 1st period - Shot Misses the Net.
14:30 of 1st period - Slapshot by Derick Brassard.
14:30 of 1st period - Panthers goal is going for a video replay.
14:30 of 1st period - The goal is good.
14:30 of 1st period - Goal by Derick Brassard - Panthers : 1 - Lightning : 0.
14:31 of 1st period - Anze Kopitar wins face-off versus Matt Duchene in neutral zone.
14:48 of 1st period - Slapshot by Drake Batherson.
14:48 of 1st period - Stopped by Anton Forsberg with a rebound.
15:04 of 1st period - Rasmus Ristolainen is hit by Jeff Schultz and loses puck.
15:09 of 1st period - Snap shot by Miro Aaltonen.
15:09 of 1st period - Shot Blocked by Jeff Schultz.
15:21 of 1st period - Slapshot by Alex Pietrangelo.
15:21 of 1st period - Shot Blocked by Rasmus Ristolainen.
15:31 of 1st period - Snap shot by Dmitrij Jaskin.
15:31 of 1st period - Stopped by Anton Forsberg without a rebound.
15:32 of 1st period - Matt Duchene wins face-off versus Anze Kopitar in Lightning zone.
16:26 of 1st period - Slapshot by John Carlson.
16:26 of 1st period - Stopped by Ville Husso without a rebound.
16:27 of 1st period - Matt Duchene wins face-off versus Joel Eriksson Ek in Panthers zone.
16:29 of 1st period - Minor Penalty to Matt Duchene for Tripping.
16:30 of 1st period - Aleksander Barkov wins face-off versus Nico Hischier in Panthers zone.
16:30 of 1st period - Aleksander Barkov is hit by Lawson Crouse.
16:43 of 1st period - Wrist shot by Aleksander Barkov.
16:43 of 1st period - Goal by Aleksander Barkov - Panthers : 2 - Lightning : 0.
16:44 of 1st period - Aleksander Barkov wins face-off versus Nico Hischier in neutral zone.
16:49 of 1st period - Jonathan Drouin is hit by Danny DeKeiser and loses puck.
17:10 of 1st period - Miro Aaltonen is hit by Anthony Cirelli and loses puck.
17:21 of 1st period - Backhand shot by Alex Pietrangelo.
17:21 of 1st period - Stopped by Ville Husso without a rebound.
17:22 of 1st period - Nico Hischier wins face-off versus Aleksander Barkov in Panthers zone.
17:33 of 1st period - Snap shot by Nico Hischier.
17:33 of 1st period - Goal by Nico Hischier - Panthers : 2 - Lightning : 1.
17:34 of 1st period - Anze Kopitar wins face-off versus Matt Duchene in neutral zone.
18:13 of 1st period - Nico Hischier is hit by Miro Aaltonen and loses puck.
18:32 of 1st period - Backhand shot by Nikolay Goldobin.
18:32 of 1st period - Shot Misses the Net.
18:34 of 1st period - Snap shot by Nikolay Goldobin.
18:34 of 1st period - Shot Blocked by Joel Eriksson Ek.
18:36 of 1st period - Slapshot by Niklas Hansson.
18:36 of 1st period - Stopped by Anton Forsberg with a rebound.
18:38 of 1st period - Slapshot by Danny DeKeiser.
18:38 of 1st period - Stopped by Anton Forsberg without a rebound.
18:39 of 1st period - Matt Duchene wins face-off versus Anze Kopitar in Lightning zone.
19:06 of 1st period - Nico Hischier is hit by Miro Aaltonen and loses puck.
19:43 of 1st period - Slapshot by John Carlson.
19:43 of 1st period - Shot Blocked by Dmitrij Jaskin.
19:45 of 1st period - Slapshot by Ben Hutton.
19:45 of 1st period - Stopped by Ville Husso with a rebound.
19:47 of 1st period - Slapshot by John Carlson.
19:47 of 1st period - Stopped by Ville Husso without a rebound.
19:48 of 1st period - Matt Duchene wins face-off versus Jonathan Drouin in Panthers zone.
19:48 of 1st period - Matt Duchene is hit by Alex Pietrangelo.
Goals for this period are 2 for Panthers vs 1 for Lightning.
Shots for this period are 11 for Panthers vs 9 for Lightning.
2nd period
0:01 of 2nd period - Anze Kopitar wins face-off versus Matt Duchene in neutral zone.
0:12 of 2nd period - Snap shot by Anze Kopitar.
0:12 of 2nd period - Stopped by Ville Husso with a rebound.
0:41 of 2nd period - Minor Penalty to Alex DeBrincat for Hooking.
0:42 of 2nd period - Matt Duchene wins face-off versus Anze Kopitar in Lightning zone.
0:45 of 2nd period - Jeff Schultz is hit by Rasmus Ristolainen and loses puck.
0:56 of 2nd period - Snap shot by Matt Duchene.
0:56 of 2nd period - Stopped by Anton Forsberg with a rebound.
1:18 of 2nd period - Snap shot by Derick Brassard.
1:18 of 2nd period - Shot Misses the Net.
2:31 of 2nd period - Icing by Rasmus Ristolainen.
2:32 of 2nd period - Max Friberg wins face-off versus Drake Batherson in Panthers zone.
2:41 of 2nd period - Penalty to Alex DeBrincat is over, Alex DeBrincat is back on ice.
2:43 of 2nd period - Ben Hutton is hit by Nick Schmaltz and loses puck.
3:02 of 2nd period - Wrist shot by Aleksander Barkov.
3:02 of 2nd period - Stopped by Anton Forsberg with a rebound.
3:04 of 2nd period - Snap shot by Jordan Szwarz.
3:04 of 2nd period - Shot Misses the Net.
4:12 of 2nd period - Wrist shot by Chris Bourque.
4:12 of 2nd period - Stopped by Anton Forsberg without a rebound.
4:13 of 2nd period - Joel Eriksson Ek wins face-off versus Aleksander Barkov in Lightning zone.
4:13 of 2nd period - Joel Eriksson Ek is hit by Danny DeKeiser.
4:19 of 2nd period - Backhand shot by Chris Bourque.
4:19 of 2nd period - Shot Misses the Net.
4:21 of 2nd period - Wrist shot by Aleksander Barkov.
4:21 of 2nd period - Stopped by Anton Forsberg with a rebound.
4:23 of 2nd period - Wrist shot by Aleksander Barkov.
4:23 of 2nd period - Shot Blocked by Alex Pietrangelo.
4:25 of 2nd period - Slapshot by Niklas Hansson.
4:25 of 2nd period - Shot Blocked by Brandon Hagel.
4:27 of 2nd period - Slapshot by Danny DeKeiser.
4:27 of 2nd period - Deflect By Chris Bourque.
4:27 of 2nd period - Shot Hit the Post.
4:27 of 2nd period - Puck is out of play.
4:28 of 2nd period - Matt Duchene wins face-off versus Anze Kopitar in Lightning zone.
4:41 of 2nd period - Aaron Ekblad is hit by Alex Pietrangelo.
4:44 of 2nd period - Off-side.
4:45 of 2nd period - Derick Brassard wins face-off versus Nico Hischier in neutral zone.
4:54 of 2nd period - Slapshot by Derick Brassard.
4:54 of 2nd period - Goal by Derick Brassard - Panthers : 3 - Lightning : 1.
4:55 of 2nd period - Anze Kopitar wins face-off versus Matt Duchene in neutral zone.
5:01 of 2nd period - Minor Penalty to Aaron Ekblad for Holding.
5:02 of 2nd period - Aleksander Barkov wins face-off versus Nico Hischier in Panthers zone.
5:15 of 2nd period - Slapshot by Lawson Crouse.
5:15 of 2nd period - Stopped by Ville Husso without a rebound.
5:16 of 2nd period - Aleksander Barkov wins face-off versus Nico Hischier in Panthers zone.
5:29 of 2nd period - Snap shot by Lawson Crouse.
5:29 of 2nd period - Shot Misses the Net.
5:31 of 2nd period - Slapshot by Lawson Crouse.
5:31 of 2nd period - Stopped by Ville Husso with a rebound.
5:47 of 2nd period - Snap shot by Alex DeBrincat.
5:47 of 2nd period - Goal by Alex DeBrincat - Panthers : 3 - Lightning : 2.
5:48 of 2nd period - Anze Kopitar wins face-off versus Matt Duchene in neutral zone.
6:49 of 2nd period - Slapshot by Lawson Crouse.
6:49 of 2nd period - Stopped by Ville Husso without a rebound.
6:50 of 2nd period - Nico Hischier wins face-off versus Matt Duchene in Panthers zone.
6:50 of 2nd period - Alex Pietrangelo is hit by Rasmus Ristolainen and loses puck.
6:55 of 2nd period - Wrist shot by Nico Hischier.
6:55 of 2nd period - Shot Misses the Net.
6:57 of 2nd period - Slapshot by Jeff Schultz.
6:57 of 2nd period - Stopped by Ville Husso without a rebound.
6:58 of 2nd period - Nico Hischier wins face-off versus Matt Duchene in Panthers zone.
7:24 of 2nd period - Alex Pietrangelo is hit by Rasmus Ristolainen and loses puck.
7:28 of 2nd period - Jeff Schultz is hit by Aaron Ekblad and loses puck.
7:31 of 2nd period - Slapshot by Jeff Schultz.
7:31 of 2nd period - Stopped by Ville Husso with a rebound.
7:40 of 2nd period - Minor Penalty to Matt Duchene for High sticking.
7:41 of 2nd period - Nico Hischier wins face-off versus Nick Schmaltz in Panthers zone.
7:49 of 2nd period - Slapshot by Alex Pietrangelo.
7:49 of 2nd period - Shot Blocked by Danny DeKeiser.
7:51 of 2nd period - Snap shot by Lawson Crouse.
7:51 of 2nd period - Stopped by Ville Husso with a rebound.
8:25 of 2nd period - Aaron Ekblad is hit by Alex Pietrangelo and loses puck.
9:39 of 2nd period - Brandon Hagel is hit by Danny DeKeiser and loses puck.
9:40 of 2nd period - Penalty to Matt Duchene is over, Matt Duchene is back on ice.
9:54 of 2nd period - Cory Emmerton is hit by Dmitrij Jaskin and loses puck.
10:01 of 2nd period - Dominik Kahun is hit by Jesper Fast and loses puck.
10:10 of 2nd period - Minor Penalty to Dmitrij Jaskin for High sticking.
10:11 of 2nd period - Nico Hischier wins face-off versus Aleksander Barkov in Panthers zone.
10:37 of 2nd period - John Carlson is hit by Radim Simek and loses puck.
10:52 of 2nd period - Miro Heiskanen is hit by Radim Simek and loses puck.
10:59 of 2nd period - Wrist shot by Jonathan Drouin.
10:59 of 2nd period - Shot Misses the Net.
11:01 of 2nd period - Backhand shot by Miro Heiskanen.
11:01 of 2nd period - Shot Misses the Net.
11:03 of 2nd period - Wrist shot by Nico Hischier.
11:03 of 2nd period - Shot Misses the Net.
11:27 of 2nd period - Jeff Schultz is hit by Danny DeKeiser and loses puck.
12:10 of 2nd period - Penalty to Dmitrij Jaskin is over, Dmitrij Jaskin is back on ice.
12:11 of 2nd period - Icing by Niklas Hansson.
12:12 of 2nd period - Dominik Kahun wins face-off versus Joel Eriksson Ek in Panthers zone.
12:41 of 2nd period - Slapshot by Aleksander Barkov.
12:41 of 2nd period - Stopped by Anton Forsberg without a rebound.
12:42 of 2nd period - Cory Emmerton wins face-off versus Matt Duchene in Lightning zone.
13:48 of 2nd period - Nikolay Goldobin is hit by Lawson Crouse and loses puck.
14:11 of 2nd period - Snap shot by Alex Galchenyuk.
14:11 of 2nd period - Stopped by Anton Forsberg without a rebound.
14:12 of 2nd period - Matt Duchene wins face-off versus Joel Eriksson Ek in Lightning zone.
14:18 of 2nd period - Minor Penalty to John Carlson for Slashing.
14:19 of 2nd period - Anze Kopitar wins face-off versus Matt Duchene in Lightning zone.
14:27 of 2nd period - Backhand shot by Rasmus Ristolainen.
14:27 of 2nd period - Stopped by Anton Forsberg with a rebound.
16:18 of 2nd period - Penalty to John Carlson is over, John Carlson is back on ice.
16:37 of 2nd period - Snap shot by Alex Pietrangelo.
16:37 of 2nd period - Stopped by Ville Husso with a rebound.
16:47 of 2nd period - Ben Hutton is hit by Chris Bourque and loses puck.
17:01 of 2nd period - Minor Penalty to Jordan Szwarz for Hooking.
17:02 of 2nd period - Aleksander Barkov wins face-off versus Nico Hischier in Panthers zone.
17:34 of 2nd period - Snap shot by Alex Galchenyuk.
17:34 of 2nd period - Shot Misses the Net.
19:01 of 2nd period - Penalty to Jordan Szwarz is over, Jordan Szwarz is back on ice.
19:21 of 2nd period - Cory Emmerton is hit by Dominik Kahun and loses puck.
Goals for this period are 1 for Panthers vs 1 for Lightning.
Shots for this period are 8 for Panthers vs 9 for Lightning.
3rd period
0:01 of 3rd period - Anze Kopitar wins face-off versus Matt Duchene in neutral zone.
0:26 of 3rd period - Alex DeBrincat is hit by Derick Brassard and loses puck.
0:31 of 3rd period - Slapshot by Rasmus Ristolainen.
0:31 of 3rd period - Stopped by Anton Forsberg without a rebound.
0:32 of 3rd period - Nico Hischier wins face-off versus Miro Aaltonen in Lightning zone.
0:32 of 3rd period - Nico Hischier is hit by Miro Aaltonen.
1:07 of 3rd period - Wrist shot by Alex Galchenyuk.
1:07 of 3rd period - Stopped by Anton Forsberg with a rebound.
1:09 of 3rd period - Wrist shot by Alex Galchenyuk.
1:09 of 3rd period - Stopped by Anton Forsberg with a rebound.
1:33 of 3rd period - Wrist shot by Max Friberg.
1:33 of 3rd period - Stopped by Ville Husso without a rebound.
1:34 of 3rd period - Matt Duchene wins face-off versus Joel Eriksson Ek in Panthers zone.
1:34 of 3rd period - Matt Duchene is hit by Brandon Hagel.
1:54 of 3rd period - Snap shot by Max Friberg.
1:54 of 3rd period - Shot Misses the Net.
2:03 of 3rd period - Icing by Brandon Hagel.
2:04 of 3rd period - Miro Aaltonen wins face-off versus Jonathan Drouin in Lightning zone.
2:08 of 3rd period - Minor Penalty to Nick Schmaltz for High sticking.
2:09 of 3rd period - Nico Hischier wins face-off versus Aleksander Barkov in Panthers zone.
2:22 of 3rd period - Slapshot by Lawson Crouse.
2:22 of 3rd period - Stopped by Ville Husso with a rebound.
3:53 of 3rd period - Wrist shot by Radim Simek.
3:53 of 3rd period - Shot Misses the Net.
4:08 of 3rd period - Penalty to Nick Schmaltz is over, Nick Schmaltz is back on ice.
4:27 of 3rd period - Snap shot by Jesper Fast.
4:27 of 3rd period - Shot Misses the Net.
4:29 of 3rd period - Wrist shot by Cory Emmerton.
4:29 of 3rd period - Stopped by Ville Husso without a rebound.
4:30 of 3rd period - Drake Batherson wins face-off versus Cory Emmerton in Panthers zone.
4:49 of 3rd period - Anze Kopitar is hit by Miro Aaltonen and loses puck.
5:07 of 3rd period - Chris Bourque is hit by Joel Eriksson Ek and loses puck.
5:27 of 3rd period - Slapshot by Dmitrij Jaskin.
5:27 of 3rd period - Stopped by Anton Forsberg without a rebound.
5:28 of 3rd period - Teemu Hartikainen wins face-off versus Dominik Kahun in Lightning zone.
5:33 of 3rd period - Wrist shot by Dominik Kahun.
5:33 of 3rd period - Stopped by Anton Forsberg with a rebound.
6:08 of 3rd period - Wrist shot by Anze Kopitar.
6:08 of 3rd period - Shot Misses the Net.
6:20 of 3rd period - Backhand shot by Joel Eriksson Ek.
6:20 of 3rd period - Stopped by Ville Husso with a rebound.
6:28 of 3rd period - Wrist shot by Joel Eriksson Ek.
6:28 of 3rd period - Shot Blocked by Matt Duchene.
6:30 of 3rd period - Snap shot by Max Friberg.
6:30 of 3rd period - Shot Misses the Net.
6:45 of 3rd period - Snap shot by Miro Aaltonen.
6:45 of 3rd period - Stopped by Anton Forsberg with a rebound.
6:47 of 3rd period - Slapshot by Rasmus Ristolainen.
6:47 of 3rd period - Shot Blocked by Nico Hischier.
6:49 of 3rd period - Wrist shot by Nick Schmaltz.
6:49 of 3rd period - Stopped by Anton Forsberg with a rebound.
6:51 of 3rd period - Wrist shot by Derick Brassard.
6:51 of 3rd period - Stopped by Anton Forsberg with a rebound.
7:00 of 3rd period - Off-side.
7:01 of 3rd period - Aleksander Barkov wins face-off versus Cory Emmerton in neutral zone.
7:04 of 3rd period - Teemu Hartikainen is hit by Jordan Szwarz and loses puck.
7:28 of 3rd period - Miro Aaltonen is hit by Jeff Schultz and loses puck.
8:38 of 3rd period - Danny DeKeiser is hit by Lawson Crouse and loses puck.
8:51 of 3rd period - Chris Bourque is hit by Jesper Fast and loses puck.
9:00 of 3rd period - Cory Emmerton is hit by Niklas Hansson and loses puck.
9:09 of 3rd period - Slapshot by Aleksander Barkov.
9:09 of 3rd period - Shot Misses the Net.
9:15 of 3rd period - Wrist shot by Aleksander Barkov.
9:15 of 3rd period - Shot Blocked by Alex Pietrangelo.
9:43 of 3rd period - Snap shot by Jordan Szwarz.
9:43 of 3rd period - Shot Misses the Net.
9:59 of 3rd period - Wrist shot by Chris Bourque.
9:59 of 3rd period - Stopped by Anton Forsberg with a rebound.
10:01 of 3rd period - Snap shot by Aleksander Barkov.
10:01 of 3rd period - Shot Misses the Net.
10:07 of 3rd period - Wrist shot by Jordan Szwarz.
10:07 of 3rd period - Stopped by Anton Forsberg without a rebound.
10:08 of 3rd period - Matt Duchene wins face-off versus Anze Kopitar in Lightning zone.
10:31 of 3rd period - Minor Penalty to Anze Kopitar for Hooking.
10:32 of 3rd period - Drake Batherson wins face-off versus Max Friberg in Lightning zone.
11:05 of 3rd period - Snap shot by Rasmus Ristolainen.
11:05 of 3rd period - Deflect By Miro Aaltonen.
11:05 of 3rd period - Shot Blocked by Miro Heiskanen.
11:05 of 3rd period - Puck is out of play.
11:06 of 3rd period - Nico Hischier wins face-off versus Matt Duchene in Lightning zone.
12:31 of 3rd period - Penalty to Anze Kopitar is over, Anze Kopitar is back on ice.
12:44 of 3rd period - Backhand shot by Jordan Szwarz.
12:44 of 3rd period - Shot Blocked by Brandon Hagel.
13:02 of 3rd period - Off-side.
13:03 of 3rd period - Cory Emmerton wins face-off versus Dominik Kahun in neutral zone.
13:05 of 3rd period - Alex Pietrangelo is hit by Radim Simek and loses puck.
13:14 of 3rd period - Slapshot by Griffin Reinhart.
13:14 of 3rd period - Deflect By Jesper Fast.
13:14 of 3rd period - Stopped by Anton Forsberg with a rebound.
13:16 of 3rd period - Snap shot by Dmitrij Jaskin.
13:16 of 3rd period - Stopped by Anton Forsberg without a rebound.
13:17 of 3rd period - Anze Kopitar wins face-off versus Matt Duchene in Lightning zone.
13:38 of 3rd period - Lawson Crouse is hit by Matt Duchene and loses puck.
13:59 of 3rd period - Snap shot by Derick Brassard.
13:59 of 3rd period - Shot Misses the Net.
14:08 of 3rd period - Minor Penalty to Aleksander Barkov for High sticking.
14:09 of 3rd period - Miro Aaltonen wins face-off versus Nico Hischier in Panthers zone.
14:09 of 3rd period - Miro Aaltonen is hit by Nico Hischier.
14:25 of 3rd period - Miro Aaltonen is hit by Nico Hischier and loses puck.
15:19 of 3rd period - Danny DeKeiser is hit by Nico Hischier.
16:01 of 3rd period - Niklas Hansson is hit by Lawson Crouse.
16:08 of 3rd period - Penalty to Aleksander Barkov is over, Aleksander Barkov is back on ice.
16:25 of 3rd period - Ben Hutton is hit by Jordan Szwarz and loses puck.
16:32 of 3rd period - Chris Bourque is hit by Miro Heiskanen and loses puck.
16:53 of 3rd period - Wrist shot by Derick Brassard.
16:53 of 3rd period - Deflect By Miro Aaltonen.
16:53 of 3rd period - Stopped by Anton Forsberg without a rebound.
16:54 of 3rd period - Anze Kopitar wins face-off versus Derick Brassard in Lightning zone.
16:54 of 3rd period - Anze Kopitar is hit by Derick Brassard.
17:10 of 3rd period - Nick Schmaltz is hit by Alex DeBrincat and loses puck.
17:48 of 3rd period - Wrist shot by Brandon Hagel.
17:48 of 3rd period - Deflect By Danny DeKeiser.
17:48 of 3rd period - Shot Misses the Net.
17:48 of 3rd period - Puck is out of play.
17:49 of 3rd period - Aleksander Barkov wins face-off versus Joel Eriksson Ek in Panthers zone.
18:00 of 3rd period - Slapshot by Alex Pietrangelo.
18:00 of 3rd period - Shot Blocked by Aaron Ekblad.
18:02 of 3rd period - Snap shot by Brandon Hagel.
18:02 of 3rd period - Goal by Brandon Hagel - Panthers : 3 - Lightning : 3.
18:03 of 3rd period - Brandon Hagel wins face-off versus Aleksander Barkov in neutral zone.
18:52 of 3rd period - Slapshot by Alex DeBrincat.
18:52 of 3rd period - Stopped by Ville Husso without a rebound.
18:53 of 3rd period - Dominik Kahun wins face-off versus Nico Hischier in Panthers zone.
18:53 of 3rd period - Dominik Kahun is hit by Alex DeBrincat.
19:00 of 3rd period - Off-side.
19:01 of 3rd period - Joel Eriksson Ek wins face-off versus Aleksander Barkov in neutral zone.
19:04 of 3rd period - Danny DeKeiser is hit by Brandon Hagel and loses puck.
19:13 of 3rd period - Wrist shot by Alex Pietrangelo.
19:13 of 3rd period - Goal by Alex Pietrangelo - Panthers : 3 - Lightning : 4.
19:14 of 3rd period - Matt Duchene wins face-off versus Anze Kopitar in neutral zone.
19:17 of 3rd period - Panthers, Ville Husso is pulled from the net.
19:19 of 3rd period - Slapshot by Alex Galchenyuk.
19:19 of 3rd period - Shot Misses the Net.
19:21 of 3rd period - Wrist shot by Matt Duchene.
19:21 of 3rd period - Shot Blocked by Alex Pietrangelo.
19:49 of 3rd period - Slapshot by Alex Galchenyuk.
19:49 of 3rd period - Goal by Alex Galchenyuk - Panthers : 4 - Lightning : 4.
19:49 of 3rd period - Ville Husso from Panthers was sent back in the game.
19:50 of 3rd period - Joel Eriksson Ek wins face-off versus Aleksander Barkov in neutral zone.
Goals for this period are 1 for Panthers vs 2 for Lightning.
Shots for this period are 14 for Panthers vs 7 for Lightning.
Overtime #1
0:01 of 1st overtime period - Matt Duchene wins face-off versus Anze Kopitar in neutral zone.
0:12 of 1st overtime period - Wrist shot by Anze Kopitar.
0:12 of 1st overtime period - Stopped by Ville Husso with a rebound.
0:14 of 1st overtime period - Snap shot by Lawson Crouse.
0:14 of 1st overtime period - Deflect By Anze Kopitar.
0:14 of 1st overtime period - Goal by Anze Kopitar - Panthers : 4 - Lightning : 5.
Goals for this period are 0 for Panthers vs 1 for Lightning.
Shots for this period are 0 for Panthers vs 2 for Lightning.